 Dungeon Crawl Stone Soup version 0.27.1-34-g3ba077fa99 (webtiles) character file.

Game seed: 1641149149765409286

36 lonewolfV2 the Ducker (level 3, -3/36 HPs)
             Began as a Troll Fighter on Jan 19, 2022.
             Slain by a worm (5 damage)
             ... on level 2 of the Dungeon.
             The game lasted 00:01:52 (1180 turns).

lonewolfV2 the Ducker (Troll Fighter)               Turns: 1180, Time: 00:01:52

Health: -3/36      AC:  4    Str: 24    XL:     3   Next: 19%
Magic:  2/2        EV:  8    Int:  4    God:
Gold:   66         SH:  8    Dex: 10    Spells: 2/2 levels left

rFire    . . .     SeeInvis .     - Unarmed
rCold    . . .     Faith    .   b - +0 kite shield
rNeg     . . .     Spirit   .   a - +0 robe
rPois    .         Reflect  .   (helmet restricted)
rElec    .         Harm     .   (no cloak)
rCorr    .         Rampage  .   (gloves unavailable)
Will     .....                  (boots unavailable)
Stlth    +.........             (no amulet)
HPRegen  1.12/turn              (no ring)
MPRegen  0.08/turn              (no ring)

@: no status effects
A: large, unfitting armour, claws 3, regeneration 1, shaggy fur 1, tough skin 1
a: no special abilities


You were on level 2 of the Dungeon.
You visited 1 branch of the dungeon, and saw 2 of its levels.

You collected 66 gold pieces.

Inventory:

Armour
 a - a +0 robe (worn)
 b - a +0 kite shield (worn)
Potions
 c - a potion of might
 d - a potion of mutation {unknown}
 e - a potion of degeneration {unknown}
 f - 2 potions of attraction {unknown}
 g - a potion of heal wounds {unknown}
 h - a potion of curing {unknown}


   Skills:
 + Level 2.7 Fighting
 + Level 2.8 Dodging
 + Level 2.7 Shields
 + Level 2.4 Unarmed Combat


You had 2 spell levels left.
You didn't know any spells.
Your spell library was empty.

Dungeon Overview and Level Annotations

Branches:
Dungeon (2/15)

Altars:


Innate Abilities, Weirdness & Mutations

You are too large for most types of armour.
You have claws for hands.
Your natural rate of healing is unusually fast.
You are covered in fur. (AC +1)
You have tough skin. (AC +1)


Message History

You closely miss the goblin. You block the hobgoblin's attack.
The goblin hits you but does no damage. The worm bites you.
You block the goblin's attack. The hobgoblin hits you.
You scratch the goblin.
The goblin is heavily wounded.
The goblin hits you with a +0 dagger. x2; You block the worm's attack.
You block the hobgoblin's attack. The goblin closely misses you.
Unknown command.
You claw the goblin!
You kill the goblin!
The hobgoblin hits you but does no damage.
You block the goblin's attack. The worm bites you.
You scratch the goblin.
You kill the goblin!
You block the hobgoblin's attack. You block the goblin's attack.
A goblin comes into view. It is wielding a +0 club.
The hobgoblin hits you. The goblin hits you with a +0 dagger.
The worm bites you!
* * * LOW HITPOINT WARNING * * *
Items here: )) ††.
Unknown command.
You block the goblin's attack. x2
A goblin comes into view. It is wielding a +0 club.
The goblin shouts!
You scratch the hobgoblin.
The hobgoblin is almost dead.
You block the hobgoblin's attack. The worm bites you.
* * * LOW HITPOINT WARNING * * *
The goblin hits you but does no damage. The goblin hits you with a +0 club.
* * * LOW HITPOINT WARNING * * *
A goblin comes into view. It is wielding a +0 dagger.
You barely miss the hobgoblin.
The hobgoblin is almost dead.
The goblin shouts!
The hobgoblin hits you.
* * * LOW HITPOINT WARNING * * *
You block the goblin's attack. The goblin hits you with a +0 club.
* * * LOW HITPOINT WARNING * * *
The worm bites you.
You die...

.... ...wg .....
#g.... ###....r
#######...g# .
..#....<.....##.#
........gg......#
......†.g@...####
.)......w....#
.............#
.............#
.............#
...............
..#.....########
#########


You could see 2 worms, a hobgoblin and 5 goblins.

Vanquished Creatures
  2 dart slugs
  2 ball pythons (D:1)
  4 bats (D:1)
  3 endoplasms (D:1)
  A giant cockroach (D:1)
  4 goblins
  4 hobgoblins
  3 kobolds
  A quokka (D:1)
  A frilled lizard (D:2)
  5 rats (D:1)
30 creatures vanquished.

Vanquished Creatures (others)
  A rat (D:2)
1 creature vanquished.

Grand Total: 31 creatures vanquished

Notes
Turn   | Place    | Note
-------+----------+-------------------------------------------
     0 | D:1      | lonewolfV2 the Troll Fighter began the quest for the Orb.
     0 | D:1      | Reached XP level 1. HP: 22/22 MP: 0/0
   394 | D:1      | Reached XP level 2. HP: 29/29 MP: 1/1
  1062 | D:1      | Reached XP level 3. HP: 36/36 MP: 2/2
  1120 | D:1      | Found a faded altar of an unknown god.
  1180 | D:2      | Slain by a worm

Illustrated notes

Levels and vault maps discovered:
D:1:      roderic_crossed_star, layout_basic,
          shapermc_ecumenical_altar_mp_urbaneastern, minmay_pentomino_z4
D:2:      layout_rooms, serial_shops,
          nicolae_shop_temple_entry_statues_fountains, basic_altar,
          serial_bayou_ford_a, uniq_robin

Action                   || total
-------------------------++-------
Melee: Unarmed           ||    68
  Use: Scroll            ||     5
Armor: Robe              ||    43
Dodge: Dodged            ||    29
Block: Kite shield       ||    55
